 Dungeon Crawl Stone Soup version 0.30-a0-739-gea05faddec (webtiles) character file.

Game seed: 876825904183771977

81624 ParallaxScroll the Blocker (level 15, -16/99 HPs)
             Began as an Octopode Transmuter on Feb 4, 2023.
             Was the Champion of Elyvilon.
             Demolished by a war gargoyle
             ... wielding a +0 lajatang
              (35 damage)
             ... on level 11 of the Dungeon on Feb 5, 2023.
             The game lasted 04:10:14 (23799 turns).

ParallaxScroll the Blocker (Octopode Transmuter)   Turns: 23799, Time: 04:10:15

Health: -16/99     AC:  7    Str: 14    XL:     15   Next: 71%
Magic:  29/30      EV: 17    Int: 30    God:    Elyvilon [******]
Gold:   1288       SH: 17    Dex: 25    Spells: 1/20 levels left

rFire   + . .      SeeInvis +    a - +5 scimitar (flame)
rCold   . . .      Faith    .    K - +3 kite shield
rNeg    + . .      Spirit   .    V - +2 hat {SInv}
rPois   .          Reflect  .    G - amulet of regeneration
rElec   .          Harm     .    B - +6 ring of dexterity
rCorr   .          Rampage  .    j - ring of see invisible
Will    +....                    t - +6 ring of dexterity
Stlth   +++++                    H - ring of Supnamote {Fly rN+ Str+3 Int+3 Slay+3}
HPRegen 1.16/turn                T - ring of protection from fire
MPRegen 0.22/turn                Q - ring of magical power
                                 y - +6 ring of intelligence
                                 M - +4 ring of protection

@: mighty, wereblooded, flying
A: almost no armour, amphibious, 8 rings, camouflage 1, gelatinous body 1,
(nimble swimmer 1), tentacles
a: Renounce Religion, Purification, Heal Other, Heal Self, Divine Vigour


You were on level 11 of the Dungeon.
You worshipped Elyvilon.
Elyvilon was exalted by your worship.
You visited 2 branches of the dungeon, and saw 20 of its levels.
You also visited: Sewer and Ice Cave.

You collected 2014 gold pieces.
You spent 726 gold pieces at shops.

Inventory:

Hand Weapons
 a - a +5 scimitar of flaming (weapon)
 b - a +1 sling
 c - a +1 dagger of electrocution
 J - a +1 whip of flaming
 R - a +5 long sword of freezing
Missiles
 d - 4 atropa-tipped darts
 i - 3 javelins
 k - 5 boomerangs of dispersal
 l - 24 poisoned darts (quivered)
 q - 2 throwing nets
 r - 3 boomerangs
Armour
 K - a +3 kite shield (worn)
 V - a +2 hat of see invisible (worn)
Jewellery
 j - a ring of see invisible (right tentacle)
 t - a +6 ring of dexterity (on tentacle)
 y - a +6 ring of intelligence (on tentacle)
 B - a +6 ring of dexterity (left tentacle)
 G - an amulet of regeneration (around mantle)
 H - the ring of Supnamote (on tentacle) {Fly rN+ Str+3 Int+3 Slay+3}
   (You found it on level 4 of the Dungeon)

   [ring of positive energy]

   Str:       It affects your strength (+3).
   Int:       It affects your intelligence (+3).
   Slay:      It affects your accuracy & damage with ranged weapons and melee
   (+3).
   rN:        It protects you from negative energy.
   Fly:       It grants you flight.
 M - a +4 ring of protection (on tentacle)
 Q - a ring of magical power (on tentacle)
 T - a ring of protection from fire (on tentacle)
 Y - a ring of positive energy
 Z - a ring of fire
Wands
 f - a wand of digging (8)
 n - a wand of roots (12)
 z - a wand of charming (14)
 F - a wand of flame (25)
 N - a wand of polymorph (2)
Scrolls
 e - 5 scrolls of magic mapping
 h - a scroll of enchant weapon
 m - 4 scrolls of poison
 w - a scroll of blinking
 A - a scroll of fear
 E - 2 scrolls of fog
 L - 8 scrolls of teleportation
 W - 3 scrolls of butterflies
Potions
 g - 4 potions of attraction
 o - 9 potions of curing
 p - 4 potions of haste
 u - 2 potions of ambrosia
 v - 3 potions of resistance
 x - 4 potions of magic
 C - a potion of brilliance
 D - a potion of flight
 I - 4 potions of lignification
 O - 3 potions of might
 U - a potion of cancellation
 X - 2 potions of berserk rage
Miscellaneous
 P - a box of beasts (inert)
 S - a phantom mirror (inert)


   Skills:
 - Level 8.2 Fighting
 - Level 2.0(6.2) Short Blades
 + Level 9.3(9.5) Long Blades
 - Level 2.0 Axes
 - Level 2.0 Ranged Weapons
 - Level 3.0 Throwing
 + Level 6.0 Dodging
 - Level 6.0 Stealth
 - Level 12.0 Shields
 - Level 5.4 Unarmed Combat
 - Level 3.0 Spellcasting
 - Level 5.0 Conjurations
 - Level 2.0 Summonings
 - Level 7.6 Transmutations
 - Level 3.0 Fire Magic
 - Level 7.0 Ice Magic
 - Level 4.0 Air Magic
 - Level 2.3 Earth Magic
 - Level 7.0 Poison Magic
 - Level 9.0 Invocations
 - Level 7.0 Evocations


You had one spell level left.
You knew the following spells:

 Your Spells              Type           Power      Damage    Failure   Level
a - Beastly Appendage     Tmut           100%       N/A       1%          1
b - Wereblood             Tmut           50%        N/A       1%          2
c - Spider Form           Tmut/Pois      48%        N/A       2%          3
d - Summon Small Mammal   Summ           64%        N/A       6%          1
e - Sandblast             Erth           36%        2d10      5%          1
f - Foxfire               Conj/Fire      100%       2x1d9     2%          1
g - Mephitic Cloud        Conj/Pois/Air  36%        N/A       4%          3
h - Ice Form              Ice/Tmut       48%        N/A       8%          4
i - Ignite Poison         Fire/Tmut/Pois 39%        N/A       4%          3

Your spell library contained the following spells:

 Spells                   Type           Power      Damage    Failure   Level
 Magic Dart               Conj           100%       1d8       1%          1
 Apportation              Tloc           8%         N/A       14%         1
 Necrotise                Necr           16%        1d4       14%         1
 Passwall                 Tmut/Erth      28%        N/A       2%          2
 Static Discharge         Conj/Air       62%        2-5/arc   3%          2
 Call Imp                 Summ           16%        N/A       10%         2
 Stone Arrow              Conj/Erth      52%        3d10      10%         3
 Call Canine Familiar     Summ           16%        N/A       19%         3
 Vhi's Electric Charge    Tloc/Air       32%        N/A       19%         3
 Summon Guardian Golem    Hex/Summ       10%        N/A       28%         3
 Sticky Flame             Conj/Fire      28%        2d5       28%         4
 Confusing Touch          Hex            4%         N/A       41%         3
 Gell's Gravitas          Tloc           4%         N/A       41%         3
 Teleport Other           Tloc           4%         N/A       41%         3
 Arcjolt                  Conj/Air       15%        1d25      54%         5
 Lightning Bolt           Conj/Air       15%        1d29      54%         5
 Fireball                 Conj/Fire      14%        3d8       61%         5
 Summon Forest            Summ/Tloc      5%         N/A       95%         5
 Summon Mana Viper        Hex/Summ       10%        N/A       95%         5
 Iron Shot                Conj/Erth      13%        9d3       99%         6
 Starburst                Conj/Fire      14%        6d6       99%         6
 Dispersal                Tloc           2%         N/A       100%        6
 Summon Cactus Giant      Summ           8%         N/A       100%        6
 Discord                  Hex            2%         N/A       100%        8
 Ignition                 Fire           11%        3d5       100%        8


Dungeon Overview and Level Annotations

Branches:
Dungeon (15/15)            Temple (0/1) D:4            Lair (5/5) D:8
 Shoals (0/4) Lair:2       Spider (0/4) Lair:2        Slime (0/5) Lair:4
    Orc (0/2) D:10         Vaults (0/5) D:14          Sewer (visited)
  IceCv (visited)
 Depths: D:15

Altars:
Ashenzari
Elyvilon
Gozag
Hepliaklqana
Kikubaaqudgha
Qazlal
Ru
Trog
Vehumet
Xom
Yredelemnul
Zin
The Shining One
Jiyva

Shops:
D:6 !?:?   D:12 (   D:13 :

Annotations:
D:13 1 runed translucent door, Fuilowk's ghost, journeyman MiFi
Lair:1 exclusions: catoblepas, 4 death yaks, komodo dragon and 2 water moccasins, Harold
Lair:2 exclusions: 4 harpies, jumping spider and 1 more exclusion
Lair:3 3 runed translucent doors, Gamaf's ghost, journeyman MiFi


Innate Abilities, Weirdness & Mutations

You cannot wear most types of armour.
You are amphibious.
You can wear up to eight rings at the same time.
Your skin changes colour to match your surroundings (Stealth+).
Your rubbery body absorbs attacks. (AC +1, EV +1)
((You are camouflaged when in or above water. (Stealth+)))
You have tentacles for arms and can constrict up to eight enemies at once.


Message History

The spray of metal splinters hits the howler monkey!!
The howler monkey dies!
Your Dodging skill increases to level 6!
Okay, then.
Press: ? - help, v - describe, . - travel
Here: a war gargoyle, wielding a +0 lajatang (moderately damaged, constricted by you)
The floor.
Unknown command.
As you read the scroll of fear, it crumbles to dust.
You assume a fearsome visage.
The two-headed ogre looks frightened!
The war gargoyle is unaffected.
The acid dragon looks frightened!
You constrict the war gargoyle, but do no damage.
You block the war gargoyle's attack.
Your war gargoyle hits the two-headed ogre with a +0 lajatang!!
Your war gargoyle's attack snaps the two-headed ogre out of its fear.
The two-headed ogre yells, "Help!"
You feel very mighty all of a sudden.
You constrict the war gargoyle, but do no damage.
The war gargoyle hits you with a +0 lajatang.
* * * LOW HITPOINT WARNING * * *
The war gargoyle launches metal splinters at you.
The spray of metal splinters hits you!!!
Elyvilon protects you from harm!
You hit the war gargoyle.
The war gargoyle is moderately damaged.
You constrict the war gargoyle, but do no damage.
Your war gargoyle shimmers and vanishes!
You block the war gargoyle's attack.
You hit the war gargoyle.
You squeeze the war gargoyle, but do no damage.
The war gargoyle is moderately damaged.
You constrict the war gargoyle, but do no damage.
The war gargoyle misses you.
You slice the war gargoyle!! You burn the war gargoyle.
You squeeze the war gargoyle, but do no damage.
The war gargoyle is severely damaged.
You constrict the war gargoyle, but do no damage.
You hear two shouts!
The war gargoyle hits you with a +0 lajatang!!
You die...

#..# #.# #.# ###'###
##### #.# #.# #.....#
...## #.# #.#
..#.....#....$# #.#
#.# ...'D.8..'D...$#
#.# #.#
...#.....#h...?# #.#
#.' . #.....#
...#######.#####
#.^.†.#######........#
#
#.....9@......######.#
############### #.#
#.# #.### #.... #####


You could see a war gargoyle (catching breath) and an acid dragon (fleeing).

Vanquished Creatures
  Gastronok (D:9)
  A very ugly thing (IceCv)
  Nessos (D:12)
  Snorg (Lair:4)
  Josephine (D:10)
  3 caustic shrike simulacra (IceCv)
  2 catoblepae
  2 centaur warriors (D:13)
  2 dancing weapons (D:14)
  7 boulder beetles
  Erica (D:9)
  Amaemon (Lair:3)
  A goliath frog (Lair:5)
  An orange crystal statue (IceCv)
  Pikel (D:6)
  A cyclops (D:11)
  2 manticores
  An ugly thing (D:11)
  Joseph (D:9)
  2 black mambas
  An orange demon (Lair:3)
  A gargoyle (D:10)
  14 cane toads
  An unseen horror (D:10)
  A kobold demonologist (D:10)
  A rime drake (Lair:1)
  11 komodo dragons
  A freezing wraith (IceCv)
  An anaconda simulacrum (IceCv)
  A polar bear (Lair:3)
  3 trolls
  A tyrant leech (Lair:5)
  Prince Ribbit (D:9)
  Grinder (Sewer)
  17 blink frogs
  8 dream sheep
  A hornet (D:9)
  Sigmund (D:6)
  4 slime creatures (D:13)
  47 yaks
  A dire elephant simulacrum (IceCv)
  5 wraiths
  5 wyverns
  4 basilisks
  Menkaure (D:4)
  3 vampire mosquitoes
  3 harpy simulacra (IceCv)
  2 acid dragons (D:11)
  11 water moccasins
  A swamp drake (D:10)
  6 orc warriors
  6 ice beasts
  3 black bears
  3 alligator simulacra (IceCv)
  2 ettin simulacra (IceCv)
  A sky beast (D:7)
  3 ogres
  3 wolves (Lair:2)
  2 centaurs
  2 lemures (D:6)
  2 phantoms (D:6)
  Blork the orc (D:6)
  8 bullfrogs
  A gnoll sergeant (D:10)
  4 kobold brigands
  5 scorpions
  8 wights
  19 killer bees
  2 lindwurm simulacra (IceCv)
  An electric eel (Lair:3)
  8 howler monkeys
  3 jellies
  A quasit (Sewer)
  6 orc priests
  2 gnoll boudas
  5 iguanas
  10 orc wizards
  2 ogre zombies (D:5)
  4 gnolls (D:8)
  9 adders
  4 shadow imps
  A white imp (D:5)
  5 ufetubi
  A worm (D:4)
  2 dart slugs (D:1)
  37 orcs
  11 ball pythons
  3 endoplasms
  3 giant cockroaches
  6 goblins
  8 hobgoblins
  3 jackals (D:1)
  6 quokkas
  9 bats
  6 frilled lizards
  A giant cockroach zombie (Sewer)
  26 kobolds
  2 kobold zombies (Sewer)
  7 rats
459 creatures vanquished.

Vanquished Creatures (collateral kills)
  A komodo dragon (Lair:3)
  A troll (D:10)
  A polar bear (Lair:3)
  A yak (D:9)
  An acid dragon (D:10)
  A black bear (Lair:3)
  A centaur (D:11)
  A wight (D:8)
  A howler monkey (D:11)
  2 orcs (D:10)
  A kobold (D:10)
  A foxfire (Lair:3)
13 creatures vanquished.

Vanquished Creatures (others)
  A steam dragon (D:8)
  An orc warrior (D:10)
  A lemure (D:6)
  A wight (D:8)
  An endoplasm (Sewer)
  A kobold zombie (Sewer)
  96 foxfires
  16 fungi
  164 plants
282 creatures vanquished.

Grand Total: 754 creatures vanquished

Notes
Turn   | Place    | Note
-------+----------+-------------------------------------------
     0 | D:1      | ParallaxScroll the Octopode Transmuter began the quest for
                  | the Orb.
     0 | D:1      | Reached XP level 1. HP: 13/13 MP: 3/3
   100 | D:1      | Reached XP level 2. HP: 6/18 MP: 3/5
   103 | D:1      | Learned a level 2 spell: Wereblood
   619 | D:1      | Reached XP level 3. HP: 24/24 MP: 1/6
   678 | D:1      | Found a faded altar of an unknown god.
   681 | D:1      | Prayed at the altar of an unknown god.
   681 | D:1      | Became a worshipper of Elyvilon the Healer
   681 | D:1      | Reached * piety under Elyvilon
  1522 | D:2      | Reached skill level 1 in Stealth
  1638 | D:2      | Reached ** piety under Elyvilon
  1899 | D:3      | Reached XP level 4. HP: 29/29 MP: 3/7
  2901 | D:4      | Identified the ring of Supnamote {Fly rN+ Str+3 Int+3
                  | Slay+3}
  2909 | D:4      | Reached XP level 5. HP: 34/34 MP: 6/8
  2959 | D:4      | Found an opulent altar of Gozag.
  3014 | D:4      | Noticed a wyvern
  3026 | D:4      | Killed a wyvern
  3027 | D:4      | Reached skill level 1 in Short Blades
  3027 | D:4      | Reached XP level 6. HP: 42/42 MP: 9/9
  3065 | D:4      | Noticed Menkaure
  3276 | D:4      | Found a staircase to the Ecumenical Temple.
  3374 | D:4      | Reached *** piety under Elyvilon
  3477 | D:4      | Found a glowing drain.
  3496 | Sewer    | Entered a sewer
  3574 | Sewer    | Reached XP level 7. HP: 44/46 MP: 4/10
  3699 | Sewer    | Found a burning altar of Makhleb.
  3711 | Sewer    | Reached skill level 5 in Transmutations
  3732 | Sewer    | Noticed Grinder
  3800 | Sewer    | Killed Grinder
  3801 | Sewer    | Reached skill level 1 in Evocations
  3805 | Sewer    | Learned a level 3 spell: Spider Form
  3922 | Sewer    | Identified the +1 leather armour "Xyunescho" {-Cast rElec
                  | rN+ rCorr}
  3924 | Sewer    | Reached skill level 1 in Poison Magic
  3932 | Sewer    | Reached XP level 8. HP: 50/52 MP: 11/11
  4062 | D:5      | Entered Level 5 of the Dungeon
  4353 | D:5      | Reached skill level 5 in Poison Magic
  4430 | D:5      | Reached skill level 1 in Throwing
  4443 | D:5      | Reached skill level 5 in Stealth
  4606 | D:5      | Found a transporter.
  4663 | D:5      | Found a transporter.
  4734 | D:5      | Learned a level 1 spell: Summon Small Mammal
  4783 | D:5      | Found a basalt altar of Yredelemnul.
  4875 | D:5      | Reached **** piety under Elyvilon
  4893 | D:5      | Found a bloodstained altar of Trog.
  4959 | D:5      | Found a sacrificial altar of Ru.
  5065 | D:4      | Killed Menkaure
  5066 | D:4      | Reached skill level 1 in Summonings
  5066 | D:4      | Reached XP level 9. HP: 34/58 MP: 6/12
  5441 | D:5      | Reached skill level 1 in Ice Magic
  5610 | D:5      | Found a broken altar of Ashenzari.
  5613 | D:5      | Found a glowing silver altar of Zin.
  5730 | D:6      | Found Asak's Magic Scroll Emporium.
  5879 | D:6      | Bought a scroll of blinking for 105 gold pieces
  5879 | D:6      | Bought a scroll of fear for 56 gold pieces
  5879 | D:6      | Bought a scroll of identify for 28 gold pieces
  5954 | D:6      | Noticed Sigmund
  5957 | D:6      | Killed Sigmund
  6041 | D:6      | Found Osomaul's Distillery.
  6075 | D:6      | Bought a potion of invisibility for 96 gold pieces
  6242 | D:6      | Noticed Blork the orc
  6352 | D:6      | Noticed Pikel
  6490 | D:6      | Killed Pikel
  6491 | D:6      | Reached skill level 5 in Invocations
  6493 | D:6      | Learned a level 1 spell: Sandblast
  6629 | D:6      | Found Aqytie's Magic Scroll Shoppe.
  6637 | D:6      | Bought a scroll of teleportation for 33 gold pieces
  6654 | D:6      | Reached ***** piety under Elyvilon
  6658 | D:6      | Found Xifonlun's Book Shop.
  6696 | D:6      | Found an ancient bone altar of Kikubaaqudgha.
  7204 | D:7      | Reached skill level 1 in Shields
  7221 | D:7      | Reached skill level 1 in Long Blades
  7273 | D:7      | Reached skill level 2 in Shields
  7352 | D:7      | Reached XP level 10. HP: 54/63 MP: 11/13
  7712 | D:7      | Reached skill level 3 in Shields
  7719 | D:7      | Found a radiant altar of Vehumet.
  8623 | D:8      | Found a white marble altar of Elyvilon.
  8789 | D:8      | Found a staircase to the Lair.
  8835 | D:8      | Reached skill level 4 in Shields
  9133 | D:8      | Found a shimmering altar of Xom.
  9505 | D:6      | Bought a scroll of butterflies for 44 gold pieces
  9505 | D:6      | Bought a scroll of identify for 22 gold pieces
  9505 | D:6      | Bought a scroll of identify for 22 gold pieces
  9761 | D:8      | Reached skill level 5 in Shields
  9885 | D:8      | Found a hazy altar of Hepliaklqana.
 10129 | D:9      | Reached skill level 6 in Shields
 10346 | D:9      | Reached skill level 7 in Shields
 10541 | D:9      | Got Sif Muna's Parchment of the Plutonic Evil Eye
 10544 | D:9      | Noticed Erica
 10575 | D:8      | Reached skill level 8 in Shields
 10771 | D:8      | Reached skill level 5 in Long Blades
 10771 | D:8      | Reached XP level 11. HP: 69/69 MP: 11/14
 10858 | D:9      | Noticed Gastronok
 10910 | Lair:1   | Entered Level 1 of the Lair of Beasts
 11153 | D:9      | Reached skill level 5 in Fighting
 11193 | D:9      | Found a stormy altar of Qazlal.
 11196 | D:9      | Noticed Prince Ribbit
 11203 | D:9      | Killed Prince Ribbit
 11269 | D:9      | Noticed Joseph
 11278 | D:9      | Killed Joseph
 11415 | D:10     | Entered Level 10 of the Dungeon
 11445 | D:9      | Reached skill level 5 in Dodging
 11635 | D:10     | Reached skill level 9 in Shields
 12004 | D:10     | Found a staircase to the Orcish Mines.
 12035 | D:10     | Reached skill level 10 in Shields
 12166 | D:10     | Noticed Josephine
 12176 | D:10     | Killed Josephine
 12288 | D:10     | Noticed a boulder beetle
 12298 | D:10     | Killed a boulder beetle
 12304 | D:10     | Reached XP level 12. HP: 74/77 MP: 12/15
 12619 | D:10     | Found a glowing golden altar of the Shining One.
 12652 | D:11     | Noticed a boulder beetle
 12662 | D:11     | Killed a boulder beetle
 12862 | D:11     | Reached skill level 1 in Fire Magic
 12871 | D:11     | Reached skill level 1 in Conjurations
 13403 | Lair:1   | Reached ****** piety under Elyvilon
 13407 | Lair:1   | Noticed a catoblepas
 13713 | Lair:1   | Reached skill level 5 in Evocations
 13838 | Lair:1   | Learned a level 1 spell: Foxfire
 13842 | Lair:1   | Learned a level 3 spell: Mephitic Cloud
 13911 | Lair:1   | Noticed a death yak
 13911 | Lair:1   | Noticed a death yak
 14011 | Lair:1   | Noticed Harold
 14148 | Lair:1   | Noticed Sonja
 14153 | Lair:1   | Pacified Sonja
 14154 | Lair:1   | Reached skill level 1 in Air Magic
 14670 | Lair:1   | Noticed a death yak
 14670 | Lair:1   | Noticed a death yak
 15272 | Lair:2   | Identified a scroll of acquirement
 15274 | Lair:2   | Acquired 668 gold pieces
 15425 | Lair:2   | Found a hole to the Spider Nest.
 15627 | Lair:2   | Noticed an eight-headed hydra
 15637 | Lair:2   | Pacified an eight-headed hydra
 15638 | Lair:2   | Reached XP level 13. HP: 69/83 MP: 17/17
 15800 | Lair:2   | Found a staircase to the Shoals.
 16527 | Lair:3   | Reached skill level 11 in Shields
 16552 | Lair:3   | Noticed Amaemon
 16560 | Lair:3   | Killed Amaemon
 16933 | Lair:3   | Found a runed translucent gate.
 16933 | Lair:3   | Found a runed translucent gate.
 16933 | Lair:3   | Found a runed translucent gate.
 16934 | Lair:3   | Noticed Gamaf's ghost (journeyman MiFi)
 17632 | Lair:3   | Found a viscous altar of Jiyva.
 17799 | Lair:4   | Found a staircase to the Slime Pits.
 18045 | Lair:4   | Noticed Snorg
 18056 | Lair:4   | Killed Snorg
 18641 | Lair:5   | Entered Level 5 of the Lair of Beasts
 18940 | Lair:5   | Reached skill level 12 in Shields
 18995 | Lair:5   | Reached XP level 14. HP: 92/92 MP: 20/20
 19194 | Lair:4   | Reached skill level 5 in Conjurations
 19603 | D:6      | Bought a scroll of brand weapon for 133 gold pieces
 20041 | D:6      | Bought a scroll of enchant weapon for 105 gold pieces
 20391 | D:6      | Killed Blork the orc
 20636 | D:9      | Killed Gastronok
 20639 | D:9      | Killed Erica
 21341 | D:11     | Noticed a war gargoyle
 21454 | D:12     | You are sucked into a shaft and drop 3 floors!
 21454 | D:15     | Entered Level 15 of the Dungeon
 21680 | D:14     | Found a gate to the Vaults.
 21787 | D:12     | Reached XP level 15. HP: 99/99 MP: 21/21
 21793 | D:12     | Learned a level 4 spell: Ice Form
 21861 | D:14     | Found a frozen archway.
 21873 | IceCv    | Entered an ice cave
 21898 | IceCv    | Reached skill level 5 in Unarmed Combat
 22185 | D:12     | Noticed Nessos
 22197 | D:12     | Killed Nessos
 22234 | D:12     | Found Rarghum's Weapon Shoppe.
 22281 | D:12     | Identified the +1 ring mail of Cyloicic {Slay+2}
 22289 | D:12     | Learned a level 3 spell: Ignite Poison
 23139 | D:13     | Found Seiha's Book Shop.
 23352 | D:13     | Found a runed translucent door.
 23352 | D:13     | Noticed Fuilowk's ghost (journeyman MiFi)
 23524 | D:6      | Bought a scroll of blinking for 82 gold pieces
 23796 | D:11     | Elyvilon protects you from harm!
 23799 | D:11     | Demolished by a war gargoyle

Illustrated notes

Levels and vault maps discovered:
D:1:      roderic_crop_circles_arrival_small, layout_loops_ring,
          hellmonk_ecumenical_altar_inner_sanctum
D:2:      layout_loops_cross
D:3:      layout_loops_ring
D:4:      layout_basic, kennysheep_little_box, minmay_temple_entry_mini_moons,
          cheibrodos_sewer_entry_bend, uniq_menkaure
D:5:      gammafunk_cloud_chamber, layout_basic, mainiacjoe_overflow_24_doors,
          general_overflow_altar, nicolae_overflow_hidden_temple,
          corexii_leaking_fountain
D:6:      layout_loops_ring, mainiacjoe_overflow_small_starburst, serial_shops,
          nicolae_lakefront_shop, shop_fountains, shop, nicolae_lakefront_shop,
          grunt_decor_arrowhead, minmay_misc_feat_square,
          hangedman_decor_clover_reticule, uniq_sigmund, uniq_grinder,
          uniq_blork_the_orc, uniq_pikel
D:7:      layout_layer_cave, vehumet_altar_wand_db
D:8:      layout_loops_ring, mainiacjoe_overflow_concentric_impassable,
          mainiacjoe_overflow_paths, worldfamousw_hep_ancestral_shrine,
          david_lair_shrubbed
D:9:      layout_cave_pools, nicolae_qazlal_general_emergency,
          dreamdust_gnoll_shepherd, uniq_joseph, uniq_prince_ribbit1,
          uniq_erica, uniq_gastronok
D:10:     kennysheep_ambush_hall, layout_rooms, kennysheep_mini_moat,
          erik_orc_1, uniq_josephine
D:11:     layout_basic, minmay_three_doors
D:12:     layout_basic, serial_shops, nicolae_shop_bloodbath_and_beyond,
          uniq_nessos
D:13:     layout_rooms, gammafunk_ghost_grave, serial_shops, shop
D:14:     layout_cave_pods, erik_vaults_1, portal_ice_cave_entry_pillars_four,
          minmay_misc_feat_ornament, roderic_nine_men_s_morris
D:15:     grunt_enter_depths_hoard, layout_gridville, cheibriados_altar_1
Lair:1:   layout_gridlike, infiniplex_staircase_pool, uniq_harold, uniq_sonja
Lair:2:   layout_cave_pods, nicolae_shoals_entry_roost,
          spider_nest_entry_rubble, infiniplex_staircase_pool_2
Lair:3:   layout_regular_city, gammafunk_ghost_ooze, gammafunk_lair_bear_cave,
          serial_bayou_shore_a, uniq_amaemon
Lair:4:   layout_gridlike, slime_entry_1, uniq_snorg
Lair:5:   minmay_lair_end_frog_pond, layout_gridlike

Skill      XL: |  1  2  3  4  5  6  7  8  9 10 11 12 13 14 15 |
---------------+----------------------------------------------+-----
Transmutations | 3 4 5 6 7 |  7.6
Fighting       | 2 3 4 5 6 7 8 |  8.2
Stealth        | 1 3 4 5 6 |  6.0
Short Blades   | 1 2 |  2.0
Invocations    | 2 4 5 6 8 9 |  9.0
Dodging        | 3 4 5 6 |  6.0
Evocations     | 1 2 3 5 7 |  7.0
Ranged Weapons | 2 |  2.0
Poison Magic   | 2 6 7 |  7.0
Throwing       | 1 2 3 |  3.0
Summonings     | 1 2 |  2.0
Ice Magic      | 4 6 7 |  7.0
Axes           | 2 |  2.0
Earth Magic    | 2 |  2.3
Shields        | 2 8 10 12 | 12.0
Long Blades    | 2 5 6 8 9 |  9.3
Fire Magic     | 3 |  3.0
Conjurations   | 3 4 5 |  5.0
Air Magic      | 2 4 |  4.0
Spellcasting   | 3 |  3.0
Unarmed Combat | 5 |  5.4

Action                     |  1- 3 |  4- 6 |  7- 9 | 10-12 | 13-15 || total
---------------------------+-------+-------+-------+-------+-------++-------
  Melee: Unarmed           |    49 |    10 |    40 |       |    21 ||   120
         Constrict         |    25 |    16 |    21 |    59 |    46 ||   167
         Kick              |    19 |    14 |    38 |   136 |    85 ||   292
         Tentacles         |    11 |    11 |    17 |    87 |    94 ||   220
         Dagger            |    31 |    48 |    76 |     6 |     1 ||   162
         Punch             |     1 |     2 |     2 |     9 |    21 ||    35
         Hand axe          |       |       |     9 |       |       ||     9
         Long sword        |       |       |     8 |   341 |   189 ||   538
         Scimitar          |       |       |       |       |   101 ||   101
   Fire: Sling             |       |    20 |    65 |   127 |    79 ||   291
  Throw: Stone             |     2 |     2 |     2 |       |       ||     6
         Dart              |       |     2 |    29 |    50 |    43 ||   124
         Throwing net      |       |       |     1 |       |       ||     1
   Cast: Beastly Appendage |    23 |    17 |    19 |    65 |    29 ||   153
         Wereblood         |    10 |    13 |    24 |    42 |    32 ||   121
         Summon Small Mamm |       |       |    10 |     2 |       ||    12
         Spider Form       |       |       |     6 |       |       ||     6
         Sandblast         |       |       |       |    10 |     4 ||    14
         Foxfire           |       |       |       |     1 |    60 ||    61
         Mephitic Cloud    |       |       |       |       |    23 ||    23
         Ice Form          |       |       |       |       |     1 ||     1
 Invoke: Heal Other        |       |       |       |    10 |     4 ||    14
         Heal Self         |       |       |       |     1 |       ||     1
         Divine Vigour     |       |       |       |       |     1 ||     1
  Evoke: Wand              |       |       |     4 |    13 |    10 ||    27
         Box of beasts     |       |       |       |     1 |     3 ||     4
         Phantom mirror    |       |       |       |       |     3 ||     3
    Use: Scroll            |     3 |     4 |     9 |    10 |    14 ||    40
         Potion            |       |     6 |     2 |     4 |    12 ||    24
   Stab: Sleeping          |     9 |     6 |     6 |     6 |     5 ||    32
         Invisible         |       |       |     1 |     1 |     1 ||     3
         Confused          |       |       |       |       |    23 ||    23
         Distracted        |       |       |       |       |     3 ||     3
 Armour: Skin              |     7 |    13 |     3 |     6 |    21 ||    50
  Dodge: Dodged            |    42 |    27 |   109 |   135 |   138 ||   451
  Block: Kite shield       |       |       |     3 |   256 |   188 ||   447

Table legend: (Time is in decaauts)
 A = Elapsed time spent in this place.
 B = Non-inter-level travel time spent in this place.
 C = Inter-level travel time spent in this place.
 D = Time resting spent in this place.
 E = Time spent auto-exploring this place.
 F = Levels seen in this place.
 G = Mean time per level.
                   A        B        C        D        E       F      G
               +--------+--------+--------+--------+--------+-----+--------+
         Total |  23969 |  19973 |   3996 |   4699 |  10803 |  22 | 1089.5 |
       Dungeon |  16940 |  13734 |   3206 |   3489 |   7120 |  15 | 1129.3 |
          Lair |   6469 |   5679 |    790 |   1117 |   3469 |   5 | 1293.8 |
         Sewer |    487 |    487 |      0 |     93 |    214 |   1 |  487.0 |
      Ice Cave |     72 |     72 |      0 |      0 |      0 |   1 |   72.0 |
               +--------+--------+--------+--------+--------+-----+--------+

Top non-repeatable levels by time:
     D:8: 2116 daAuts
  Lair:1: 1959 daAuts
     D:7: 1921 daAuts
     D:6: 1915 daAuts
  Lair:3: 1629 daAuts
     D:5: 1620 daAuts
     D:9: 1392 daAuts
  Lair:2: 1371 daAuts
    D:10: 1213 daAuts
  Lair:4: 1186 daAuts
    D:11: 1131 daAuts
    D:12: 1044 daAuts
     D:4: 981 daAuts
     D:2: 956 daAuts
     D:3: 921 daAuts
